 Dungeon Crawl Stone Soup version 0.30.0-13-g156ef70053 (webtiles) character file.

Game seed: 112703073518590918

60 Kranky the Poker (level 3, -1/31 HPs)
             Began as a Minotaur Gladiator on May 17, 2023.
             Killed from afar by a kobold (13 damage)
             ... with a bolt of dispelling energy
             ... on level 2 of the Dungeon.
             The game lasted 00:01:11 (1198 turns).

Kranky the Poker (Minotaur Gladiator)               Turns: 1198, Time: 00:01:11

Health: -1/31      AC:  6    Str: 23    XL:     3   Next: 82%
Magic:  2/2        EV: 13    Int:  5    God:
Gold:   65         SH:  0    Dex: 13    Spells: 2/2 levels left

rFire   . . .        l - +0 spear (heavy)
rCold   . . .        (no shield)
rNeg    . . .        b - +0 leather armour
rPois   +            c - +0 hat
rElec   .            (no cloak)
rCorr   .            j - +2 pair of gloves of the Seven Chewing Yaks {rPois Will- Str+3 Dex+2}
SInv    .            (no boots)
Will    .....        (no amulet)
Stlth   +            (no ring)
HPRegen 0.25/turn    (no ring)
MPRegen 0.08/turn

%: no passive effects
@: no status effects
A: horns 2, retaliatory headbutt
a: no special abilities


You were on level 2 of the Dungeon.
You visited 1 branch of the dungeon, and saw 2 of its levels.

You collected 65 gold pieces.

Inventory:

Hand Weapons
 a - a +0 trident
 l - a +0 heavy spear (weapon)
Missiles
 d - 3 throwing nets (quivered)
 e - a javelin
Armour
 b - a +0 leather armour (worn)
 c - a +0 hat (worn)
 h - a +0 pair of gloves
 j - the +2 pair of gloves of the Seven Chewing Yaks (worn) {rPois Will- Str+3 Dex+2}
   (You found it on level 2 of the Dungeon)

   Str:       It affects your strength (+3).
   Dex:       It affects your dexterity (+2).
   rPois:     It protects you from poison.
   Will:      It decreases your willpower.
Scrolls
 g - a scroll of amnesia {unknown}
Potions
 f - a potion of invisibility {unknown}
 i - 2 potions of flight {unknown}
 k - a potion of haste
 m - a potion of lignification {unknown}


   Skills:
 + Level 3.1 Fighting
 + Level 4.1 Polearms
 + Level 2.5 Throwing
 + Level 1.6 Armour
 + Level 3.7 Dodging


You had 2 spell levels left.
You didn't know any spells.
Your spell library was empty.

Dungeon Overview and Level Annotations

Branches:
Dungeon (2/15)

Altars:


Innate Abilities, Weirdness & Mutations

You have a pair of horns on your head.
You reflexively headbutt those who attack you in melee.


Message History

You reach to attack!
You puncture the gnoll!
You kill the gnoll!
You hear a shout!
A gnoll comes into view. It is wielding a +0 flail.
You reach to attack!
You hit the gnoll.
The gnoll is lightly wounded.
You puncture the gnoll!
The gnoll is severely wounded.
The gnoll closely misses you. The gnoll barely misses you.
You hit the gnoll.
You kill the gnoll!
No target in view!
Things that are here:
a +0 flail; a +0 heavy spear; a gnoll corpse
l - a +0 heavy spear
Okay, then.
l - a +0 heavy spear (weapon)
m - a cyan potion You see here a +0 club.
Things that are here:
a +0 flail; a gnoll corpse You see here a +0 spear.
Found a club.
A kobold comes into view.
It is wielding a +0 mace and carrying a wand of quicksilver (13).
A kobold is nearby!
A bat comes into view.
Found a short sword.
The kobold shouts!
The kobold drinks a potion.
The kobold seems to speed up.
The bat misses you.
The kobold zaps a wand.
The bolt of dispelling energy hits you!!
Ouch! That really hurt!
You are too injured to fight recklessly!
You are too injured to fight recklessly!
You are too injured to fight recklessly!
Unknown command.
You puncture the bat!
You kill the bat!
The kobold zaps a wand.
The bolt of dispelling energy hits you!
You die...

#.#. ######## #.. .. ...
... ... .. ....... ...
.##### .####.# #.# .....
.# #.# #.# .... # .#
##.## #.# ..# ..#
.###...###.# ####..#...#
.)...#.....###..@.......
)###...............K....
)# ##.#.######.##......#
.# #.#.# #.# ).....# .#
#.#.# #.# ..###.# ##
#.#.# .)# ... . #.#.#
### ..#. #.#.# ..#.# ...
.


You could see a kobold (fast).

Vanquished Creatures
  4 gnolls (D:2)
  4 bats
  3 endoplasms
  2 goblins (D:1)
  2 hobgoblins
  2 ball pythons
  A frilled lizard (D:2)
  2 kobolds (D:1)
  3 rats (D:1)
23 creatures vanquished.

Notes
Turn   | Place    | Note
-------+----------+-------------------------------------------
     0 | D:1      | Kranky the Minotaur Gladiator began the quest for the Orb.
     0 | D:1      | Reached XP level 1. HP: 18/18 MP: 0/0
   537 | D:1      | Reached XP level 2. HP: 25/25 MP: 1/1
   950 | D:2      | Reached skill level 1 in Armour
   995 | D:2      | Identified the +2 pair of gloves of the Seven Chewing Yaks
                  | {rPois Will- Str+3 Dex+2}
  1156 | D:2      | Reached skill level 4 in Polearms
  1156 | D:2      | Reached XP level 3. HP: 30/30 MP: 2/2
  1198 | D:2      | Killed from afar by a kobold

Illustrated notes

Levels and vault maps discovered:
D:1:      dpeg_arrival_boxorama, layout_basic
D:2:      layout_loops_ring, hellmonk_ecumenical_altar_lost_god

Skill      XL: |  1  2  3 |
---------------+----------+-----
Armour         | 1 |  1.6
Polearms       | 4 |  4.1
Fighting       | 3 |  3.1
Throwing       | |  2.5
Dodging        | |  3.7

Action                     || total
---------------------------++-------
  Melee: Trident           ||    58
         Headbutt          ||     4
         Spear             ||     1
 Armour: Leather armour    ||    13
  Dodge: Dodged            ||    27
